 Dungeon Crawl Stone Soup version 0.31-b1-18-g61460d1e46 (webtiles) character file.

Game seed: 14532927061139680934

127817 groovy9 the Eclecticist (level 16, -73/93 HPs)
             Began as a Deep Elf Conjurer on Jan 16, 2024.
             Was the Champion of Vehumet.
             Killed from afar by Nikola (91 damage)
             ... with an arc of chain lightning
             ... on level 4 of the Spider Nest.
             The game lasted 02:01:32 (28536 turns).

groovy9 the Eclecticist (Deep Elf Conjurer)        Turns: 28536, Time: 02:01:32

Health: -73/93     AC: 13    Str:  4    XL:     16   Next: 47%
Magic:  31/49      EV: 14    Int: 46    God:    Vehumet [******]
Gold:   2975       SH:  9    Dex: 15    Spells: 9/50 levels left

rFire   . . .        i - staff of conjuration
rCold   + . .        t - +3 buckler
rNeg    . . .        l - +1 leather armour "Zuonlac" {*Slow rPois Int+9 Dex-4}
rPois   +            m - +3 hat of Pondering {ponderous, Will+ MP+10 Int+5}
rElec   .            y - +2 cloak {rPois}
rCorr   .            I - +0 pair of gloves of the Catfish {*Corrode Dex+6}
SInv    +            b - +1 pair of boots "Napp" {rC+}
Will    +++..        u - amulet of magic regeneration
Stlth   ++++         M - ring of see invisible
HPRegen 0.35/turn    n - ring of willpower
MPRegen 0.71/turn

%: corrode self (3%), slow self (1%)
@: slow
A: no striking features
a: Renounce Religion


You were on level 4 of the Spider Nest.
You worshipped Vehumet.
Vehumet was exalted by your worship.
You visited 5 branches of the dungeon, and saw 26 of its levels.
You also visited: Gauntlet.

You collected 3928 gold pieces.
You spent 953 gold pieces at shops.

Inventory:

Missiles
 d - 6 throwing nets
Armour
 b - the +1 pair of boots "Napp" (worn) {rC+}
   (You found it on level 2 of the Lair of Beasts)

   rC+:       It protects you from cold.
 l - the +1 leather armour "Zuonlac" (worn) {*Slow rPois Int+9 Dex-4}
   (You bought it in a shop on level 6 of the Dungeon)

   Int+9:     It affects your intelligence (+9).
   Dex-4:     It affects your dexterity (-4).
   rPois:     It protects you from poison *Slow: It may slow you when you take
   damage.
 m - the +3 hat of Pondering (worn) {ponderous, Will+ MP+10 Int+5}
   (You took it off Gastronok on level 8 of the Dungeon)

   Int+5:     It affects your intelligence (+5).
   Will+:     It increases your willpower.
   MP+10:     It affects your magic capacity (+10).
 t - a +3 buckler (worn)
 y - a +2 cloak of poison resistance (worn)
 I - the +0 pair of gloves of the Catfish (worn) {*Corrode Dex+6}
   (You bought it in a shop on level 6 of the Dungeon)

   Dex+6:     It affects your dexterity (+6).
   *Corrode:  It may corrode you when you take damage.
 O - a +0 buckler of cold resistance
Magical Staves
 i - a staff of conjuration (weapon)
Jewellery
 h - an amulet of regeneration
 n - a ring of willpower (right hand)
 u - an amulet of magic regeneration (around neck)
 v - a +6 ring of intelligence
 L - a ring of protection from cold
 M - a ring of see invisible (left hand)
 N - a +6 ring of strength
Wands
 k - a wand of roots (24)
 o - a wand of acid (9)
 r - a wand of flame (32)
 D - a wand of paralysis (25)
 J - a wand of polymorph (14)
 T - a wand of mindburst (16)
Scrolls
 a - 3 scrolls of silence
 c - 3 scrolls of fear
 e - 8 scrolls of identify
 f - 4 scrolls of fog
 g - 2 scrolls of blinking
 s - 9 scrolls of teleportation
 x - a scroll of enchant armour
 z - 3 scrolls of amnesia
 B - 3 scrolls of revelation
 C - 3 scrolls of poison
 F - 3 scrolls of immolation
 H - 2 scrolls of enchant weapon
 S - 2 scrolls of summoning {unknown}
Potions
 p - 2 potions of lignification
 q - 3 potions of enlightenment
 w - 2 potions of brilliance
 A - 3 potions of resistance
 E - 10 potions of curing
 G - 2 potions of magic
 Q - 3 potions of mutation {unknown}
 R - 3 potions of haste {unknown}
 U - a potion of heal wounds
 V - 8 potions of ambrosia
Miscellaneous
 j - a lightning rod (4/4)
 P - a sack of spiders


   Skills:
 - Level 8.0 Fighting
 - Level 10.0 Dodging
 - Level 10.0 Stealth
 - Level 7.0 Shields
 + Level 17.9 Spellcasting
 * Level 17.4 Conjurations
 - Level 2.0 Fire Magic
 + Level 8.0 Earth Magic
 - Level 10.5 Alchemy
 - Level 10.0 Evocations


You had 9 spell levels left.
You knew the following spells:

 Your Spells              Type           Power      Damage    Failure   Level
a - Magic Dart            Conj           100%       1d8       0%          1
b - Searing Ray           Conj           100%       2d8       0%          2
c - Fulminant Prism       Conj/Alch      65%        3d28      1%          4
d - Iskenderun's Mystic   Conj/Tloc      100%       2d19      1%          4
e - Flame Wave            Conj/Fire      100%       2d21      1%          4
f - Orb of Destruction    Conj           70%        9d16      1%          7
g - Lehudib's Crystal Sp  Conj/Erth      63%        10d14     14%         8
h - Stone Arrow           Conj/Erth      100%       3d13      1%          3
i - Passwall              Erth           86%        N/A       1%          3
j - Iskenderun's Battles  Conj           100%       2d15      1%          5

Your spell library contained the following spells:

 Spells                   Type           Power      Damage    Failure   Level
 Yara's Violent Unravell  Hex/Alch       37%        3d15      1%          5
 Apportation              Tloc           82%        N/A       1%          1
 Freeze                   Ice            100%       1d10      1%          1
 Necrotise                Necr           100%       1d9       1%          1
 Slow                     Hex            100%       N/A       1%          1
 Cigotuvi's Dreadful Rot  Necr/Alch/Air  100%       N/A       1%          2
 Frozen Ramparts          Ice            82%        1d13      1%          3
 Hailstorm                Conj/Ice       100%       3d16      1%          3
 Ignite Poison            Fire/Alch      78%        N/A       1%          4
 Leda's Liquefaction      Alch/Erth      45%        N/A       1%          4
 Petrify                  Alch/Erth      91%        N/A       1%          4
 Alistair's Intoxication  Alch           63%        N/A       1%          5
 Freezing Cloud           Conj/Ice/Air   48%        6-21      1%          5
 Irradiate                Conj/Alch      65%        3d33      1%          5
 Conjure Ball Lightning   Conj/Air       55%        3x3d20    1%          6
 Ensorcelled Hibernation  Hex/Ice        82%        N/A       2%          2
 Jinxbite                 Hex            82%        N/A       2%          2
 Sublimation of Blood     Necr           41%        N/A       2%          2
 Animate Armour           Summ/Erth      100%       N/A       3%          4
 Confusing Touch          Hex            41%        N/A       4%          3
 Fugue of the Fallen      Necr           41%        N/A       4%          3
 Sigil of Binding         Hex            41%        N/A       4%          3
 Swiftness                Air            41%        N/A       4%          3
 Vampiric Draining        Necr           41%        2d8       4%          3
 Airstrike                Air            20%        2d(3-19)  4%          4
 Anguish                  Hex/Necr       20%        N/A       16%         4
 Martyr's Knell           Necr/Summ      41%        N/A       16%         4
 Curse of Agony           Necr           41%        N/A       41%         5
 Metabolic Englaciation   Hex/Ice        20%        N/A       41%         5
 Haunt                    Necr/Summ      20%        N/A       100%        7
 Borgnjor's Revivificati  Necr           20%        N/A       100%        8
 Discord                  Hex            20%        N/A       100%        8
 Disjunction              Tloc           20%        N/A       100%        8
 Death's Door             Necr           20%        N/A       100%        9
 Shatter                  Erth           43%        3d33*     100%        9


Dungeon Overview and Level Annotations

Branches:
Dungeon (14/15)            Temple (1/1) D:7            Lair (5/5) D:9
  Swamp (0/4) Lair:2       Spider (4/4) Lair:3        Slime (0/5) Lair:5
    Orc (2/2) D:11            Elf (0/3) Orc:2        Vaults (0/5) D:13
Gauntlet (visited)

Altars:
Ashenzari
Cheibriados
Dithmenos
Elyvilon
Fedhas
Gozag
Hepliaklqana
Kikubaaqudgha
Makhleb
Nemelex Xobeh
Okawaru
Qazlal
Ru
Sif Muna
Trog
Uskayaw
Vehumet
Wu Jian
Xom
Yredelemnul
Zin
The Shining One

Shops:
D:6 [   D:13 =   Orc:2 :[*

Annotations:
Spider:4 Nikola


Message History

Aim: Nikola, wielding a +0 rapier of electrocution, wearing a +0 cloak and wearing a +0 pair of gloves (moderately wounded)
You feel a surge of power!
The wavering orb of destruction hits Nikola!!!
Nikola is heavily wounded.
Nikola gestures wildly while chanting.
Lightning arcs from Nikola's hands!
The bolt of lightning hits you!!!!
Ouch! That really hurt!
* * * LOW HITPOINT WARNING * * *
A bolt of lightning appears from out of thin air!
The bolt of lightning hits Nikola!
You hear a faint skittering sound.
Casting: Orb of Destruction (dangerous; 1% risk of failure)
Confirm with . or Enter, or press ? or * to list all spells.
You feel a surge of power!
You erupt in a blast of force!
The mystic blast hits Nikola!!
Nikola is severely wounded.
Nikola is knocked back by the mystic blast.
Nikola slams into the rock wall!
Nikola is severely wounded.
Press: ? - help, v - describe, . - travel
Here: Nikola, wielding a +0 rapier of electrocution, wearing a +0 cloak and wearing a +0 pair of gloves (severely wounded)
The floor.
Casting: Iskenderun's Mystic Blast (safe; 1% risk of failure)
Confirm with . or Enter, or press ? or * to list all spells.
Aiming: Orb of Destruction (dangerous; 1% risk of failure)
Press: ? - help, Shift-Dir - straight line, f/p - Nikola
Aim: Nikola, wielding a +0 rapier of electrocution, wearing a +0 cloak and wearing a +0 pair of gloves (severely wounded)
Okay, then.
Casting: Orb of Destruction (dangerous; 1% risk of failure)
Confirm with . or Enter, or press ? or * to list all spells.
Aiming: Stone Arrow (safe; 1% risk of failure)
Press: ? - help, Shift-Dir - straight line, f/p - Nikola
Aim: Nikola, wielding a +0 rapier of electrocution, wearing a +0 cloak and wearing a +0 pair of gloves (severely wounded, 81% to hit)
You feel a surge of power!
The stone arrow hits Nikola!
Nikola is severely wounded.
Nikola yells, "Danger!
Danger!
High voltage!"
Nikola mumbles some strange words.
Lightning arcs from Nikola's hands!
The bolt of lightning hits you!!!!
Ouch! That really hurt!
You die...

######## ###### ##
.......###### ...#. ..#
.........#..####..^#..#
.######......##^^#@..#
.##^...^#..#.^##.°#
##....#######...@#.#
.~~... #..#..# # .~~..
##.....# ~~~~~ ##^.###
.~~. ##.. ~~~~ ##..
.... ..# ~~~~ .## .~~.
##


You could see Nikola.

Vanquished Creatures
  Jorgrun (D:13)
  Rupert (D:12)
  Gastronok (D:8)
  Agnes (D:14)
  Kirke (D:13)
  An emperor scorpion (Spider:4)
  A broodmother (Spider:1)
  3 dire elephants (Lair:5)
  Azrael (D:14)
  Nessos (D:13)
  A spark wasp (Spider:3)
  A minotaur (Gauntlet)
  Snorg (D:13)
  2 entropy weavers
  Josephine (Lair:4)
  Fannar (D:12)
  3 vault guards (D:13)
  3 hydras
  Harold (Lair:2)
  A radroach (Spider:2)
  Erica (D:8)
  2 jorogumos
  5 boulder beetles
  3 centaur warriors
  5 two-headed ogres
  4 death yaks
  2 catoblepae (Lair:3)
  A tengu warrior (D:13)
  2 orc high priests (Orc:2)
  2 demonic crawlers
  Sonja (D:10)
  Nergalle (D:11)
  A fire crab (Gauntlet)
  A skeletal warrior (D:13)
  Amaemon (Lair:2)
  A pharaoh ant (Spider:2)
  Lodul (D:13)
  A spectral anaconda (Lair:5)
  6 orb spiders
  A sun moth (Spider:3)
  2 arcanists (D:13)
  Pikel (D:8)
  An obsidian statue (Lair:5)
  4 steelbarb worms
  7 wolf spiders
  5 necromancers
  4 deep elf pyromancers
  7 cyclopes
  7 manticores
  Maurice (D:10)
  5 orc sorcerers (Orc:2)
  8 ugly things
  15 elephants
  A moth of wrath (Spider:3)
  An apocalypse crab (Gauntlet)
  2 torpor snails
  Joseph (D:8)
  2 black mambas
  4 gargoyles
  9 meliai (Spider:2)
  10 cane toads
  An orange demon (Lair:2)
  A minotaur zombie (Gauntlet)
  3 unseen horrors
  3 rime drakes
  2 kobold demonologists
  A tengu conjurer (D:13)
  A yaktaur (shapeshifter) (D:13)
  12 komodo dragons
  The ghost of Jaukkuri the Apothecary, a novice DEAl (D:5)
  A tyrant leech (Lair:2)
  3 hornets
  A queen bee (Spider:2)
  A polar bear (Lair:1)
  2 trolls
  6 tarantellas
  5 blink frogs (Lair:5)
  20 jumping spiders
  10 slime creatures
  2 centaur simulacra (D:11)
  2 vampires
  The ghost of tdog the Covert, an amateur SpBr (D:5)
  3 wyverns
  5 culicivoras
  3 shadows
  A dire elephant simulacrum (Lair:5)
  2 fire elementals (D:14)
  14 wraiths
  4 fire bats (Gauntlet)
  20 humans (D:13)
  3 basilisks
  3 hogs (D:13)
  2 steam dragons
  Eustachio (D:6)
  38 yaks
  24 redbacks
  A death yak simulacrum (Lair:5)
  5 vampire mosquitoes
  4 swamp worms (Lair:2)
  3 acid dragons
  13 water moccasins
  5 hell hounds
  2 meliai simulacra (D:11)
  6 ice beasts
  7 laughing skulls (D:13)
  17 orc warriors
  2 sky beasts
  A sky beast (shapeshifter) (D:13)
  4 black bears
  4 elephant zombies (Lair:5)
  2 elephant skeletons (Lair:5)
  A boggart (D:13)
  10 ogres
  10 centaurs
  19 wolves
  A kobold brigand (D:9)
  3 lemures (D:8)
  6 bullfrogs
  2 gnoll sergeants
  2 cane toad simulacra (Lair:5)
  A scorpion (D:4)
  6 wights
  A troll zombie (D:11)
  26 killer bees
  4 electric eels
  5 howler monkeys
  31 orc priests
  2 hounds
  8 jellies
  2 gnoll boudas
  35 orc wizards
  3 sleepcaps
  Ijyb (D:3)
  3 iguanas (D:4)
  5 ogre zombies (D:11)
  A boggart simulacrum (D:11)
  17 gnolls
  6 adders
  7 white imps
  5 ufetubi
  2 dart slugs
  3 ribbon worms
  59 orcs
  4 endoplasms
  3 giant cockroaches
  7 goblins
  9 hobgoblins
  16 jackals
  6 kobolds
  2 quokkas (D:3)
  10 ball pythons
  2 bats
  3 frilled lizards
  A gnoll skeleton (D:11)
  3 gnoll zombies (D:11)
  3 orc skeletons (D:11)
  12 orc zombies (D:11)
  5 rats
  A spectral hobgoblin (D:10)
818 creatures vanquished.

Vanquished Creatures (others)
  127 fulminant prisms
127 creatures vanquished.

Grand Total: 945 creatures vanquished

Notes
Turn   | Place    | Note
-------+----------+-------------------------------------------
     0 | D:1      | groovy9 the Deep Elf Conjurer began the quest for the Orb.
     0 | D:1      | Reached XP level 1. HP: 10/10 MP: 6/6
   333 | D:1      | Reached XP level 2. HP: 15/15 MP: 6/8
   384 | D:1      | Learned a level 2 spell: Searing Ray
   771 | D:1      | Reached skill level 5 in Conjurations
  1207 | D:2      | Reached XP level 3. HP: 19/19 MP: 5/10
  1892 | D:2      | Reached XP level 4. HP: 24/24 MP: 6/12
  1939 | D:2      | Learned a level 4 spell: Fulminant Prism
  1952 | D:2      | Learned a level 4 spell: Iskenderun's Mystic Blast
  2528 | D:3      | Noticed Ijyb
  2540 | D:3      | Killed Ijyb
  2861 | D:3      | Found a sparkling altar of Nemelex Xobeh.
  3028 | D:3      | Reached XP level 5. HP: 28/28 MP: 9/13
  3317 | D:4      | Reached skill level 1 in Shields
  3397 | D:4      | Reached skill level 5 in Spellcasting
  3508 | D:4      | Reached XP level 6. HP: 32/32 MP: 9/15
  4025 | D:4      | Found an ornate altar of the Wu Jian Council.
  4201 | D:4      | Reached XP level 7. HP: 36/36 MP: 10/17
  4286 | D:5      | Entered Level 5 of the Dungeon
  4343 | D:5      | Found a runed translucent gate.
  4343 | D:5      | Found a runed translucent gate.
  4343 | D:5      | Found a runed translucent gate.
  5091 | D:5      | Noticed Jaukkuri's ghost (novice DEAl)
  5092 | D:5      | Noticed tdog's ghost (amateur SpBr)
  5492 | D:6      | Found Hiupukops's Antique Armour Boutique.
  5500 | D:6      | Bought a scorched leather armour for 231 gold pieces
  5500 | D:6      | Identified the +1 leather armour "Zuonlac" {*Slow rPois
                  | Int+9 Dex-4} (You bought it in a shop on level 6 of the
                  | Dungeon)
  5598 | D:6      | Noticed Eustachio
  5615 | D:6      | Killed Eustachio
  5616 | D:6      | Reached XP level 8. HP: 36/41 MP: 10/20
  5724 | D:6      | Found an ancient bone altar of Kikubaaqudgha.
  5733 | D:6      | Found a burning altar of Makhleb.
  5889 | D:6      | Noticed a two-headed ogre
  5905 | D:6      | Killed a two-headed ogre
  5906 | D:6      | Reached skill level 5 in Shields
  6236 | D:6      | Reached XP level 9. HP: 45/45 MP: 14/23
  6334 | D:6      | Found a glowing golden altar of the Shining One.
  6631 | D:7      | Found a blossoming altar of Fedhas.
  6632 | D:7      | You fall into a shaft and drop 1 floor!
  6840 | D:7      | Found a staircase to the Ecumenical Temple.
  6849 | Temple   | Entered the Ecumenical Temple
  6864 | Temple   | Became a worshipper of Vehumet
  7329 | D:7      | Reached skill level 10 in Conjurations
  7747 | D:8      | Noticed Erica
  7754 | D:8      | Killed Erica
  7755 | D:8      | Reached skill level 10 in Spellcasting
  8098 | D:8      | Noticed Pikel
  8108 | D:8      | Killed Pikel
  8109 | D:8      | Reached XP level 10. HP: 44/50 MP: 11/26
  8534 | D:8      | Noticed Gastronok
  8557 | D:8      | Killed Gastronok
  8558 | D:8      | Reached skill level 1 in Fighting
  8757 | D:8      | Noticed Joseph
  8763 | D:8      | Killed Joseph
  8984 | D:5      | Killed tdog's ghost
  8989 | D:5      | Killed Jaukkuri's ghost
  9128 | D:6      | Bought a pair of ancient gloves for 313 gold pieces
  9128 | D:6      | Identified the +0 pair of gloves of the Catfish {*Corrode
                  | Dex+6} (You bought it in a shop on level 6 of the Dungeon)
  9287 | D:9      | Reached * piety under Vehumet
  9287 | D:9      | Offered knowledge of Sting by Vehumet.
  9447 | D:9      | Found a staircase to the Lair.
  9468 | D:9      | Reached skill level 5 in Stealth
  9724 | D:9      | Reached XP level 11. HP: 59/59 MP: 28/28
 10546 | D:10     | Entered Level 10 of the Dungeon
 10577 | D:10     | Noticed Sonja
 10580 | D:10     | Killed Sonja
 10655 | D:10     | Found a hazy altar of Hepliaklqana.
 10658 | D:10     | Reached ** piety under Vehumet
 10921 | D:10     | Offered knowledge of Kiss of Death by Vehumet.
 10925 | D:10     | Noticed Maurice
 10938 | D:10     | Killed Maurice
 11650 | D:11     | Noticed a two-headed ogre
 11656 | D:11     | Found a staircase to the Orcish Mines.
 11661 | D:11     | Noticed a two-headed ogre
 11725 | D:11     | Offered knowledge of Momentum Strike by Vehumet.
 11848 | D:11     | Noticed a green ugly thing
 12088 | Lair:1   | Entered Level 1 of the Lair of Beasts
 12339 | Lair:1   | Reached skill level 5 in Evocations
 12465 | Lair:1   | Reached skill level 1 in Alchemy
 13070 | Lair:2   | Reached *** piety under Vehumet
 13120 | Lair:2   | Noticed Amaemon
 13128 | Lair:2   | Killed Amaemon
 13130 | Lair:2   | Reached XP level 12. HP: 66/66 MP: 19/30
 13348 | Lair:2   | Offered knowledge of Flame Wave by Vehumet.
 13349 | Lair:2   | Reached skill level 5 in Dodging
 13637 | Lair:2   | Found a staircase to the Swamp.
 14023 | Lair:2   | Noticed Harold
 14027 | Lair:2   | Killed Harold
 14148 | Lair:2   | Identified a scroll of acquirement
 14149 | Lair:2   | Acquired an amulet of regeneration
 14377 | Lair:2   | Identified the +1 pair of boots "Napp" {rC+}
 14630 | Lair:2   | Learned a level 4 spell: Flame Wave
 14635 | Lair:3   | Noticed a catoblepas
 14635 | Lair:3   | Noticed a catoblepas
 14640 | Lair:3   | HP: 3/67 [manticore/volley of spikes (7)]
 14904 | Lair:3   | Reached skill level 5 in Fighting
 14911 | Lair:3   | Killed a catoblepas
 15031 | Lair:3   | Killed a catoblepas
 15407 | Lair:3   | Reached **** piety under Vehumet
 15431 | Lair:3   | Found a hole to the Spider Nest.
 15802 | Lair:4   | Offered knowledge of Sticky Flame by Vehumet.
 15804 | Lair:4   | Reached skill level 5 in Alchemy
 15807 | Lair:4   | Reached XP level 13. HP: 73/73 MP: 30/32
 15844 | Lair:4   | Noticed Josephine
 15852 | Lair:4   | Killed Josephine
 16632 | Lair:5   | Entered Level 5 of the Lair of Beasts
 16812 | Lair:5   | Noticed a dire elephant
 16813 | Lair:5   | Noticed a dire elephant
 16813 | Lair:5   | Noticed a dire elephant
 17002 | Lair:5   | Reached skill level 10 in Stealth
 17110 | Lair:5   | Reached ***** piety under Vehumet
 17113 | Lair:5   | Offered knowledge of Orb of Destruction by Vehumet.
 17191 | Lair:5   | Found a staircase to the Slime Pits.
 17333 | Lair:5   | Learned a level 7 spell: Orb of Destruction
 17701 | Lair:5   | Killed a dire elephant
 17706 | Lair:5   | Killed a dire elephant
 17710 | Lair:5   | Killed a dire elephant
 17711 | Lair:5   | Reached XP level 14. HP: 42/80 MP: 20/34
 18954 | D:11     | Noticed Nergalle
 18967 | D:11     | Killed Nergalle
 19031 | D:11     | Learned a level 1 spell: Necrotise
 19037 | D:11     | Learned a level 3 spell: Stone Arrow
 19367 | D:11     | Reached skill level 15 in Spellcasting
 19726 | Orc:1    | Entered Level 1 of the Orcish Mines
 19735 | Orc:1    | Offered knowledge of Olgreb's Toxic Radiance by Vehumet.
 19897 | Orc:2    | Entered Level 2 of the Orcish Mines
 20151 | Orc:2    | Found a staircase to the Elven Halls.
 20446 | Orc:2    | Offered knowledge of Irradiate by Vehumet.
 20505 | Orc:2    | Found Gaoxtao's Armour Boutique.
 20505 | Orc:2    | Found Qaterghanu's General Store.
 20506 | Orc:2    | Found Rustrergh's Antique Armour Shop.
 20510 | Orc:2    | Found Cuestrusch's Book Boutique.
 20517 | Orc:2    | Bought a scorched ring mail for 297 gold pieces
 20517 | Orc:2    | Identified the +0 ring mail of the Morning {Rampage rF-
                  | Will+} (You bought it in a shop on level 2 of the Orcish
                  | Mines)
 20701 | Orc:2    | Bought a scroll of fear for 64 gold pieces
 20701 | Orc:2    | Bought a potion of curing for 48 gold pieces
 20842 | D:12     | Noticed Fannar
 20849 | D:12     | Killed Fannar
 20994 | D:12     | Learned a level 8 spell: Lehudib's Crystal Spear
 21000 | D:12     | Noticed Rupert
 21010 | D:12     | Killed Rupert
 21044 | D:12     | Reached skill level 1 in Fire Magic
 21229 | D:12     | Reached skill level 10 in Dodging
 21315 | D:12     | Reached skill level 15 in Conjurations
 21611 | D:12     | Reached skill level 1 in Earth Magic
 22136 | D:13     | Reached XP level 15. HP: 88/88 MP: 36/36
 22332 | D:13     | Found the +3 giant club "Skullcrusher" {speed, Str+7}
 22403 | D:13     | Noticed Nessos
 22407 | D:13     | Killed Nessos
 22408 | D:13     | Reached skill level 10 in Evocations
 22551 | D:13     | Noticed Snorg
 22558 | D:13     | Killed Snorg
 22624 | D:13     | Noticed Kirke
 22630 | D:13     | Killed Kirke
 22676 | D:13     | Found Kutsaw's Jewellery Boutique.
 22723 | D:13     | Learned a level 3 spell: Passwall
 22754 | D:13     | Noticed Jorgrun
 22771 | D:13     | Killed Jorgrun
 23153 | D:13     | Offered knowledge of Iskenderun's Battlesphere by Vehumet.
 23207 | D:13     | Noticed Lodul
 23214 | D:13     | Learned a level 5 spell: Iskenderun's Battlesphere
 23217 | D:13     | Killed Lodul
 23445 | D:13     | Found a gate to the Vaults.
 23495 | D:13     | Reached ****** piety under Vehumet
 23620 | D:14     | Reached skill level 5 in Earth Magic
 23660 | D:14     | Found a gate leading to a gauntlet.
 23669 | Gauntlet | Entered a Gauntlet
 23669 | Gauntlet | Found a transporter.
 23672 | Gauntlet | Found a transporter.
 23674 | Gauntlet | Found a transporter.
 23679 | Gauntlet | Found a transporter.
 23715 | Gauntlet | Found a transporter.
 23735 | Gauntlet | Found a transporter.
 23748 | Gauntlet | Found a transporter.
 23751 | Gauntlet | Found a transporter.
 23752 | Gauntlet | Found a transporter.
 23755 | Gauntlet | Found a transporter.
 23756 | Gauntlet | Found a transporter.
 23769 | Gauntlet | Found a transporter.
 23999 | Gauntlet | Identified the +0 hat of Funycr Oggam {Fly rF- Str+7}
 24066 | Gauntlet | Reached skill level 10 in Alchemy
 24105 | Gauntlet | Got the Disquisition on Terrain and Exhalation
 24200 | D:14     | Acquired 1103 gold pieces
 24388 | D:14     | Noticed Azrael
 24395 | D:14     | Killed Azrael
 24606 | D:14     | Noticed Agnes
 24610 | D:14     | Killed Agnes
 25229 | Spider:1 | Entered Level 1 of the Spider Nest
 26426 | Spider:2 | Reached XP level 16. HP: 93/93 MP: 39/39
 26534 | Spider:2 | Offered knowledge of Arcjolt by Vehumet.
 28442 | Spider:4 | Entered Level 4 of the Spider Nest
 28450 | Spider:4 | Offered knowledge of Yara's Violent Unravelling by Vehumet.
 28531 | Spider:4 | Noticed Nikola
 28536 | Spider:4 | Killed from afar by Nikola

Illustrated notes

Levels and vault maps discovered:
D:1:      sevenhm_arrival_forest_fort_small_4, layout_basic
D:2:      layout_loops_cross, minmay_worlds_worst_comb
D:3:      layout_loops_cross, nemelex_spade_bored_becter, uniq_ijyb
D:4:      layout_loops_cross, kennysheep_little_box
D:5:      layout_loops_ring, gammafunk_ghost_cemetery,
          ebering_dispersal_statue_hall
D:6:      layout_cave_pools, mainiacjoe_overflow_alcove_1,
          mainiacjoe_overflow_large_starburst, serial_shops,
          nicolae_shop_advertising_works [nicolae_subvault_shop_adworks],
          dk_noncrumbling_3, uniq_eustachio
D:7:      layout_loops_corners, fedhas_altar_1, minmay_temple_entry_mini_moons,
          hex_large
D:8:      layout_basic, supply_closet_lemuel, uniq_pikel, uniq_joseph,
          uniq_gastronok, uniq_erica
D:9:      minmay_spotlight, layout_irregular_city, david_lair_shrubbed
D:10:     layout_gridville, nicolae_hepliaklqana_monster_ancestors, uniq_sonja,
          uniq_maurice
D:11:     layout_cross, zombieorc1_lemuel, serial_ice, serial_ice_k,
          serial_ice_b, serial_ice_h, serial_ice_n, fountainhead, uniq_nergalle
D:12:     minmay_quarter_circles, layout_irregular_city, uniq_fannar,
          uniq_rupert
D:13:     kennysheep_blocky_hall, layout_gridville, grunt_vaults_entry_tiered,
          serial_shops, nicolae_diamond_shop,
          minmay_guarded_unrand_skullcrusher, uniq_lodul, uniq_snorg,
          uniq_kirke, uniq_nessos, uniq_jorgrun
D:14:     layout_irregular_city, dreamdust_wishing_well, gauntlet_entry_generic,
          uniq_azrael, uniq_agnes
Temple:   regret_index_temple_waves
Lair:1:   layout_big_grid
Lair:2:   layout_long_grid, minmay_swamp_entry_worms, uniq_amaemon, uniq_harold
Lair:3:   nzn_motion_control, layout_chaotic_city, spider_nest_entry_a
Lair:4:   layout_loops_ring, serial_bayou_shore_b, uniq_josephine
Lair:5:   due_jungle_book, layout_regular_city, minmay_slime_entry_pillars,
          st_stairs_7, nicolae_lair_run_with_the_wolves
Spider:1: layout_spider_delve, drop_trap, nicolae_spider_orb_run
Spider:2: layout_chambers, special_room [special_room_bee]
Spider:3: layout_spider_delve
Spider:4: grunt_spider_rune_parallel, guppyfry_spider_mini_3, uniq_nikola
Orc:1:    cheibrodos_orc_arena, layout_caves
Orc:2:    st_orc_mages, layout_diamond_mine

Skill      XL: |  1  2  3  4  5  6  7  8  9 10 11 12 13 14 15 16 |
---------------+-------------------------------------------------+-----
Conjurations   | 5 6 7 8 11 12 13 14 15 16 17 | 17.4
Spellcasting   | 4 5 7 8 10 11 12 13 14 15 17 | 17.9
Shields        | 1 2 4 6 7 |  7.0
Fighting       | 2 4 5 6 8 |  8.0
Stealth        | 5 7 9 10 | 10.0
Evocations     | 3 5 7 8 9 10 | 10.0
Dodging        | 4 6 8 10 | 10.0
Alchemy        | 2 5 6 8 10 | 10.5
Fire Magic     | 2 |  2.0
Earth Magic    | 1 6 8 |  8.0

Action                     |  1- 3 |  4- 6 |  7- 9 | 10-12 | 13-15 | 16-18 || total
---------------------------+-------+-------+-------+-------+-------+-------++-------
  Melee: Unarmed           |     7 |       |       |       |       |       ||     7
         Staff             |       |       |       |       |     2 |       ||     2
   Cast: Magic Dart        |    53 |    50 |    53 |   100 |    38 |       ||   294
         Searing Ray       |    16 |    29 |    47 |   114 |    44 |       ||   250
         Iskenderun's Myst |       |       |     7 |   101 |   200 |    59 ||   367
         Fulminant Prism   |       |       |     1 |    44 |    75 |     7 ||   127
         Orb of Destructio |       |       |       |       |    27 |     7 ||    34
         Flame Wave        |       |       |       |       |     1 |       ||     1
         Stone Arrow       |       |       |       |       |   386 |    83 ||   469
    Use: Scroll            |       |       |    14 |    11 |     6 |       ||    31
         Potion            |       |       |     1 |    10 |     1 |     1 ||    13
 Armour: Robe              |     7 |     4 |    11 |       |       |       ||    22
         Leather armour    |       |       |    26 |    78 |    76 |    14 ||   194
  Dodge: Dodged            |     5 |     5 |    21 |    24 |    35 |    10 ||   100
  Block: Buckler           |       |     2 |    17 |    20 |    37 |     4 ||    80
